 Dungeon Crawl Stone Soup version 0.19.4-10-g532645f (webtiles) character file.

56893 galech the Fighter (level 14, -20/105 HPs)
             Began as a Gargoyle Fighter on Feb 24, 2017.
             Was a High Priest of Makhleb.
             Killed from afar by Roxanne (37 damage)
             ... with an iron shot
             ... on level 15 of the Dungeon.
             The game lasted 00:48:11 (19235 turns).

galech the Fighter (Gargoyle Fighter)              Turns: 19235, Time: 00:48:12

Health: -20/105    AC: 31    Str: 24    XL:     14   Next: 83%
Magic:  11/11      EV:  7    Int:  8    God:    Makhleb [*****.]
Gold:   1497       SH: 13    Dex:  9    Spells: 0 memorised, 13 levels left

rFire  + + .     SeeInvis .     P - +4 flail (freeze) (curse)
rCold  x . .     Gourm    .     n - +0 plate armour
rNeg   + . .     Faith    .     c - +0 shield
rPois  ∞         Spirit   .     (helmet restricted)
rElec  +         Reflect  .     (no cloak)
rCorr  .         Harm     .     z - +0 pair of gloves
MR     +....                    o - +2 pair of boots
Stlth  ..........               Y - amulet of regeneration
                                X - ring of fire
                                E - ring of wizardry

@: no status effects
A: antennae 1, big wings, blurry vision 1, dopey 1, fire resistance 1, low mp 2,
negative energy resistance 1, sense surroundings 1, robust 1, electricity
resistance, unbreathing, evolution 1, petrification resistance, rot immunity, AC
+9
a: Fly, Minor Destruction, Lesser Servant of Makhleb, Major Destruction, Greater
Servant of Makhleb, Renounce Religion


You were on level 15 of the Dungeon.
You worshipped Makhleb.
Makhleb was extremely pleased with you.
You were hungry.

You visited 1 branch of the dungeon, and saw 15 of its levels.
You also visited: Ossuary and Bailey.

You collected 1497 gold pieces.

Inventory:

Hand Weapons
 a - a +0 flail
 D - a +3 morningstar
 K - a +1 mace of protection
 P - a cursed +4 flail of freezing (weapon)
Armour
 c - a +0 shield (worn)
 g - a +1 helmet
 m - the +2 robe of a ziggurat {rF+ rN+ Str+4 Slay-3}
   (You found it on level 13 of the Dungeon)

   It affects your strength (+4).
   It affects your accuracy and damage with ranged weapons and melee attacks
   (-3).
   It protects you from fire.
   It protects you from negative energy.
 n - a +0 plate armour (worn)
 o - a +2 pair of boots (worn)
 v - a +0 buckler of cold resistance
 z - a +0 pair of gloves (worn)
 F - +0 steam dragon scales
Jewellery
 j - an uncursed amulet of magic regeneration
 w - an uncursed amulet of faith
 E - a ring of wizardry (left hand)
 X - a ring of fire (right hand)
 Y - an amulet of regeneration (around neck)
Wands
 k - a wand of lightning (4/15)
 G - a wand of flame (35/48)
 J - a wand of flame (28/48)
Scrolls
 b - 6 scrolls of amnesia
 e - a scroll of fear
 i - 6 scrolls of teleportation
 l - 2 scrolls of recharging
 t - 4 scrolls of remove curse
 x - 2 scrolls of random uselessness
 y - a scroll of blinking
 M - a scroll of torment
 O - a scroll of magic mapping
 Q - a scroll of silence
 V - a scroll of holy word {unknown}
Potions
 d - 4 potions of might
 h - 2 potions of cure mutation
 p - a potion of beneficial mutation
 q - 6 potions of curing {unknown}
 u - 4 potions of cancellation {unknown}
 A - 6 potions of degeneration {unknown}
 B - a potion of resistance {unknown}
 H - a potion of magic {unknown}
 L - 3 potions of flight
 N - a potion of agility {unknown}
 R - a potion of invisibility
 S - 2 potions of heal wounds {unknown}
 Z - a potion of haste
Comestibles
 f - 4 bread rations
 r - 2 fruits
 s - 10 meat rations
 C - 7 chunks of flesh
 I - 3 slices of pizza
 T - a royal jelly
 U - a beef jerky


   Skills:
 + Level 14.1 Fighting
 + Level 12.8 Maces & Flails
 + Level 14.0 Armour
 + Level 14.1 Shields


You had 13 spell levels left.
You didn't know any spells.

Dungeon Overview and Level Annotations

Branches:
Dungeon (15/15)            Temple (0/1) D:7            Lair (0/6) D:9
    Orc (0/2) D:10         Vaults (0/5) D:13         Depths (0/5) D:15

Altars:
Cheibriados
Dithmenos
Fedhas
Makhleb
Okawaru
Sif Muna
Trog
Uskayaw
Vehumet
Zin
The Shining One

Shops:
D:4 =   D:10 (

Annotations:
D:5 exclusion: oklob plant
D:12 1 exclusion
D:15 exclusion: Roxanne, Roxanne


Innate Abilities, Weirdness & Mutations

You are resistant to torment.
Your stone body is resilient. (AC +9)
You are immune to poison.
Your large and strong wings let you fly indefinitely.
You resist negative energy. (rN+)
You are resistant to electric shocks. (rElec)
You can survive without breathing.
You are immune to petrification.
You are immune to rotting.
You have a pair of small antennae on your head.
Scrolls take you a little longer to read.
You are dopey. (Int -2)
Your flesh is heat resistant. (rF+)
Your magical capacity is very low. (-20% MP)
You passively map a small area around you.
You are robust. (+10% HP)
You evolve.


Message History

You are too injured to fight recklessly!
You are too injured to fight recklessly!
You are too injured to fight recklessly!
You are too injured to fight recklessly!
You are too injured to fight recklessly!
You are too injured to fight recklessly!
You are too injured to fight recklessly!
You are too injured to fight recklessly!
You are too injured to fight recklessly!
You are too injured to fight recklessly!
You are too injured to fight recklessly!
You are too injured to fight recklessly!
You are too injured to fight recklessly!
You thump Roxanne!
Roxanne is severely damaged.
You hit Roxanne.
Roxanne is severely damaged.
Roxanne mumbles some strange words.
The iron shot hits you!
You die...

*###### ##..... , , *
#..).. , * , ##..... , ,
# #...##. , , , * ,#.*
##..###. , #..#####
##..## #) , #.....##
##..## ##. ,
#...8..######...# ##.. ,
#...@.........####...
..............)).##..((#
#.#..........))...(..###
#.....####......[...##
#....# ######....##
#..## ###### #.. ##,


You could see Roxanne.

Vanquished Creatures
  The ghost of Brouzouf the Fighter, a journeyman MiBe of Trog (D:13)
  The ghost of lanroth the Blocker, a journeyman HOFi of Hepliaklqana (D:11)
  Josephine (D:12)
  A vault guard (D:13)
  2 hydras
  5 centaur warriors
  A catoblepas (D:14)
  An ogre mage (D:15)
  A tengu warrior (D:13)
  A death knight (D:15)
  Sonja (D:15)
  3 skeletal warriors
  5 unseen horrors
  8 hill giants
  A phantasmal warrior (D:15)
  An orc knight (D:15)
  5 cyclopes
  3 deep elf magi
  3 manticores
  2 orc sorcerers (D:15)
  5 ugly things
  An elephant (D:9)
  A spiny frog (shapeshifter) (D:14)
  4 gargoyles
  2 naga magi (D:15)
  A komodo dragon (D:14)
  3 kobold demonologists
  3 freezing wraiths
  2 tengu conjurers (D:15)
  A hornet (D:13)
  2 trolls
  Prince Ribbit (D:8)
  6 hippogriffs
  A slime creature (D:14)
  2 meliai zombies (D:13)
  3 two-headed ogres (D:15)
  The ghost of galech the Shield-Bearer, an amateur GrFi (D:4)
  4 flying skulls (D:13)
  7 shadows
  A wraith (D:12)
  A basilisk (shapeshifter) (D:15)
  A wyvern (D:13)
  29 yaks
  A hungry ghost (D:15)
  A steam dragon (D:8)
  The ghost of derval the Slasher, an amateur HESk (Ossuary)
  A soldier ant (D:14)
  A hornet zombie (D:15)
  2 water moccasins
  5 ice beasts
  15 orc warriors
  4 sky beasts
  4 black bears
  An eye of draining (D:11)
  10 ogres
  2 necrophages
  15 centaurs
  A big kobold (D:9)
  A gnoll sergeant (D:8)
  20 bullfrogs
  A wyvern skeleton (D:13)
  5 scorpions
  A scorpion (shapeshifter) (D:14)
  A water moccasin skeleton (D:10)
  13 killer bees
  12 wights
  3 howler monkeys
  3 electric eels (D:10)
  12 crimson imps
  4 bullfrog zombies
  8 centaur zombies
  A quasit (D:13)
  4 jellies
  2 human zombies (Ossuary)
  15 orc priests
  8 bullfrog skeletons
  8 centaur skeletons
  7 hounds
  9 orc wizards
  Terence (D:2)
  Natasha (thrice) (D:2 D:4)
  5 iguanas
  11 worker ants
  A killer bee zombie (D:6)
  4 big kobold zombies (Ossuary)
  A hound skeleton (D:5)
  2 mummies (Ossuary)
  A howler monkey zombie (D:5)
  2 worker ant zombies
  Robin (D:2)
  11 gnolls
  A howler monkey skeleton (D:4)
  11 adders
  5 shadow imps
  2 adder skeletons
  An adder zombie (D:9)
  6 worms
  2 dart slugs
  6 leopard geckos
  56 orcs
  5 bats
  4 giant cockroaches
  16 goblins
  12 hobgoblins
  19 jackals
  6 quokkas
  3 frilled lizards
  A giant cockroach zombie (D:5)
  3 gnoll zombies (Ossuary)
  2 goblin zombies (Ossuary)
  26 kobolds
  A leopard gecko zombie (D:5)
  3 orc zombies (Ossuary)
  4 rats
569 creatures vanquished.

Notes
Turn   | Place    | Note
-------+----------+-------------------------------------------
     0 | D:1      | galech the Gargoyle Fighter began the quest for the Orb.
     0 | D:1      | Reached XP level 1. HP: 14/14 MP: 1/1
   328 | D:1      | Reached XP level 2. HP: 19/19 MP: 2/2
   661 | D:2      | Noticed Robin
   675 | D:1      | Reached XP level 3. HP: 5/23 MP: 3/3
  1234 | D:2      | Killed Robin
  1391 | D:2      | Reached XP level 4. HP: 28/29 MP: 4/4
  1414 | D:2      | Noticed Terence
  1423 | D:2      | Killed Terence
  1770 | D:2      | Reached XP level 5. HP: 29/33 MP: 5/5
  1806 | D:2      | Noticed Natasha
  1838 | D:2      | Killed Natasha
  1840 | D:2      | Found a faded altar of an unknown god.
  3023 | D:4      | Noticed Natasha
  3042 | D:4      | Killed Natasha
  3180 | D:4      | Reached XP level 6. HP: 39/39 MP: 6/6
  3413 | D:4      | Noticed galech's ghost (amateur GrFi)
  3449 | D:4      | Killed galech's ghost
  3449 | D:4      | Reached skill level 5 in Fighting
  3449 | D:4      | Reached skill level 5 in Armour
  3449 | D:4      | Reached skill level 5 in Shields
  3449 | D:4      | Reached XP level 7. HP: 32/44 MP: 7/7
  3549 | D:4      | Found Ykant's Jewellery Boutique.
  3813 | D:4      | Noticed Natasha
  3818 | D:4      | Killed Natasha
  4087 | D:4      | Found a bloodstained altar of Trog.
  4137 | D:5      | Entered Level 5 of the Dungeon
  4238 | D:5      | Reached XP level 8. HP: 50/51 MP: 8/8
  4283 | D:5      | Found a blossoming altar of Fedhas.
  4296 | D:5      | Noticed an oklob plant
  4516 | D:5      | Reached skill level 5 in Maces & Flails
  4525 | D:5      | Noticed a hippogriff
  4546 | D:5      | Killed a hippogriff
  4773 | D:5      | Found a burning altar of Makhleb.
  4776 | D:5      | Became a worshipper of Makhleb the Destroyer
  5184 | D:6      | Found a shadowy altar of Dithmenos.
  5533 | D:6      | Found a snail-covered altar of Cheibriados.
  5534 | D:6      | Found a hide-covered altar of Uskayaw.
  5574 | D:6      | Found a glowing golden altar of the Shining One.
  5581 | D:6      | Found a radiant altar of Vehumet.
  5663 | D:7      | Found a sand-covered staircase.
  5668 | Ossuary  | Entered an ossuary
  5668 | Ossuary  | Noticed derval's ghost (amateur HESk)
  5684 | Ossuary  | Killed derval's ghost
  5684 | Ossuary  | Reached * piety under Makhleb
  5684 | Ossuary  | Reached XP level 9. HP: 54/56 MP: 9/9
  6306 | D:7      | Reached ** piety under Makhleb
  6681 | D:7      | Found a staircase to the Ecumenical Temple.
  6771 | D:8      | Noticed Prince Ribbit
  7108 | D:8      | Gained mutation: You are dopey. (Int -2) [mutagenic meat]
  7109 | D:8      | Gained mutation: Scrolls take you a little longer to read. [mutagenic meat]
  7110 | D:8      | Gained mutation: You are weak. (Str -2) [mutagenic meat]
  7111 | D:8      | Gained mutation: You passively map a small area around you. [mutagenic meat]
  7345 | D:8      | Reached XP level 10. HP: 52/64 MP: 10/10
  7513 | D:8      | Found a deep blue altar of Sif Muna.
  7564 | D:8      | Found an iron altar of Okawaru.
  7741 | D:8      | Killed Prince Ribbit
  8193 | D:9      | Reached *** piety under Makhleb
  8749 | D:9      | Noticed an elephant
  8749 | D:9      | Found a staircase to the Lair.
  8785 | D:9      | Killed an elephant
  9008 | D:9      | Reached XP level 11. HP: 59/71 MP: 11/11
  9036 | D:9      | Reached **** piety under Makhleb
  9244 | D:10     | Entered Level 10 of the Dungeon
  9475 | D:10     | Reached skill level 10 in Shields
  9481 | D:10     | Found a flagged portal.
  9487 | Bailey   | Entered a bailey
  9886 | D:10     | Found a glowing silver altar of Zin.
  9906 | D:10     | Found Ymotujop's Weapon Emporium.
 10200 | D:10     | Reached ***** piety under Makhleb
 10350 | D:10     | Reached skill level 10 in Fighting
 10425 | D:10     | Reached skill level 10 in Armour
 10722 | D:10     | Found a staircase to the Orcish Mines.
 11492 | D:12     | Noticed a hill giant
 11501 | D:12     | Killed a hill giant
 11665 | D:12     | Noticed a centaur warrior
 11675 | D:12     | Killed a centaur warrior
 11691 | D:12     | Reached XP level 12. HP: 79/79 MP: 12/12
 11847 | D:12     | Gained mutation: Your spells are a little easier to cast, but a little less powerful. [mutagenic meat]
 11848 | D:12     | Gained mutation: Your flesh is heat resistant. (rF+) [mutagenic meat]
 11922 | D:12     | Reached skill level 10 in Maces & Flails
 13678 | D:13     | Noticed a tengu warrior
 13695 | D:13     | Killed a tengu warrior
 13763 | D:13     | Noticed Brouzouf's ghost (journeyman MiBe)
 13803 | D:13     | Noticed Josephine
 14218 | D:12     | Killed Josephine
 14467 | D:13     | Killed Brouzouf's ghost
 14467 | D:13     | Reached XP level 13. HP: 65/86 MP: 13/13
 15015 | D:13     | Noticed a vault guard
 15027 | D:13     | Killed a vault guard
 15111 | D:13     | Found a gate to the Vaults.
 15302 | D:13     | Got a heavy robe
 15313 | D:13     | Identified the +2 robe of a ziggurat {rF+ rN+ Str+4 Slay-3} (You found it on level 13 of the Dungeon)
 15857 | D:14     | Lost mutation: Your spells are a little easier to cast, but a little less powerful. [mutagenic meat]
 15858 | D:14     | Gained mutation: Your magical capacity is low. (-10% MP) [mutagenic meat]
 16123 | D:14     | Gained mutation: You are robust. (+10% HP) [mutagenic meat]
 16125 | D:14     | Gained mutation: You have a pair of small antennae on your head. [mutagenic meat]
 16126 | D:14     | Lost mutation: You are weak. (Str -2) [mutagenic meat]
 16127 | D:14     | Gained mutation: Your magical capacity is very low. (-20% MP) [mutagenic meat]
 16309 | D:14     | Gained mutation: Your large and strong wings let you fly indefinitely. [Gargoyle growth]
 16309 | D:14     | Reached XP level 14. HP: 101/103 MP: 11/11
 16907 | D:11     | Gained mutation: You evolve. [mutagenic meat]
 16908 | D:11     | Lost mutation: You are robust. (+10% HP) [mutagenic meat]
 17118 | D:11     | Noticed lanroth's ghost (journeyman HOFi)
 17143 | D:11     | Killed lanroth's ghost
 17807 | D:15     | Entered Level 15 of the Dungeon
 18206 | D:15     | Noticed Sonja
 18269 | D:15     | Killed Sonja
 18375 | D:15     | Gained mutation: You are robust. (+10% HP) [evolution]
 18829 | D:15     | Found a staircase to the Depths.
 19067 | D:15     | Noticed Roxanne
 19235 | D:15     | Killed from afar by Roxanne

Skill      XL: |  1  2  3  4  5  6  7  8  9 10 11 12 13 14 |
---------------+-------------------------------------------+-----
Fighting       | 4 5 6 8 9 10 12 13 14 | 14.1
Maces & Flails | 3 4 6 7 8 9 11 12 | 12.8
Armour         | 4 5 6 8 9 10 12 13 14 | 14.0
Shields        | 4 5 6 8 9 10 12 13 14 | 14.1

Action                   |  1- 3 |  4- 6 |  7- 9 | 10-12 | 13-15 || total
-------------------------+-------+-------+-------+-------+-------++-------
Melee: Flail             |   146 |   295 |   802 |   463 |   553 ||  2259
       Morningstar       |       |       |       |   985 |   496 ||  1481
  Use: Scroll            |       |       |     7 |    12 |     4 ||    23
       Potion            |       |       |       |     1 |       ||     1
  Eat: Chunk             |     2 |     7 |    19 |    19 |    24 ||    71
       Bread ration      |       |       |       |     2 |     1 ||     3
Armor: Scale mail        |   109 |     7 |       |       |       ||   116
       Plate armour      |       |   200 |   563 |  1251 |   662 ||  2676
Dodge: Dodged            |    60 |    46 |   162 |   272 |   171 ||   711
Block: Shield            |   101 |   152 |   457 |   968 |   624 ||  2302
